 Dungeon Crawl Stone Soup version 0.25-a0-667-gb977e01 (webtiles) character file.

Game seed: 3472999356923988628, levelgen mode: deterministic

19575 robertstho the Brawler (level 12, 0/111 HPs)
             Began as a Troll Monk on Mar 27, 2020.
             Was a Believer of Ru.
             Slain by an eight-headed hydra (4 damage)
             ... on level 3 of the Lair of Beasts.
             The game lasted 00:25:26 (11639 turns).

robertstho the Brawler (Troll Monk)                Turns: 11639, Time: 00:25:27

Health: 0/111      AC: 10    Str: 26    XL:     12   Next: 37%
Magic:  9/9        EV: 14    Int:  6    God:    Ru [**....]
Gold:   594        SH:  0    Dex: 12    Spells: 11/11 levels left

rFire    . . .     SeeInvis .     - Unarmed
rCold    . . .     Gourm    +   (no shield)
rNeg     + . .     Faith    .   F - +0 steam dragon scales
rPois    +         Spirit   .   (helmet restricted)
rElec    .         Reflect  .   m - +0 cloak
rCorr    .         Harm     .   (gloves unavailable)
MR       .....                  (boots unavailable)
Stlth    +++.......             g - amulet of rage
HPRegen  0.68/turn              q - ring of poison resistance
MPRegen  0.11/turn              v - ring of positive energy

@: invisible
A: large, unfitting armour, claws 3, fast metabolism 3, gourmand, low mp 2,
regeneration 1, shaggy fur 1, tough skin 3, no hexes magic, no poison magic, no
summoning magic
a: Renounce Religion, Evoke Berserk Rage


You were on level 3 of the Lair of Beasts.
You worshipped Ru.
Ru was pleased with you.
You were not hungry.

You visited 2 branches of the dungeon, and saw 14 of its levels.
You also visited: Sewer.

You collected 776 gold pieces.
You spent 182 gold pieces at shops.

Inventory:

Hand Weapons
 E - a +0 halberd of flaming
Armour
 m - a +0 cloak (worn)
 F - +0 steam dragon scales (worn)
Jewellery
 c - an uncursed ring of fire
 g - an amulet of rage (around neck)
 q - a ring of poison resistance (left claw)
 v - a ring of positive energy (right claw)
 L - a +6 amulet of reflection {unknown}
 M - an uncursed amulet of regeneration {unknown}
 P - an uncursed amulet of the gourmand {unknown}
Wands
 o - a wand of acid (2)
 s - a wand of clouds (14)
 w - a wand of enslavement (12)
 G - a wand of disintegration (16)
 K - a wand of random effects (35)
Scrolls
 d - 4 scrolls of amnesia {unknown}
 e - 5 scrolls of teleportation
 h - 5 scrolls of enchant armour
 i - 9 scrolls of remove curse
 l - 2 scrolls of enchant weapon {unknown}
 n - 4 scrolls of fear {unknown}
 p - a scroll of magic mapping {unknown}
 x - 4 scrolls of blinking {unknown}
 y - a scroll of silence {unknown}
 z - 2 scrolls of fog {unknown}
 B - 3 scrolls of immolation {unknown}
 H - 6 scrolls of identify
 N - a scroll of summoning {unknown}
Potions
 a - 2 potions of might
 f - 2 potions of haste {unknown}
 j - 2 potions of curing
 k - a potion of ambrosia
 r - 4 potions of lignification
 u - a potion of cancellation {unknown}
 A - 2 potions of stabbing {unknown}
 C - 3 potions of flight
 I - 2 potions of heal wounds {unknown}
 J - 2 potions of brilliance
 O - a potion of magic {unknown}
Comestibles
 b - 31 rations


   Skills:
 + Level 5.6 Fighting
 + Level 1.0 Polearms
 + Level 8.2 Dodging
 + Level 4.6 Stealth
 + Level 15.3 Unarmed Combat
 + Level 1.2 Evocations


You had 11 spell levels left.
You didn't know any spells.
Your spell library contained the following spells:

 Spells                   Type           Power        Failure   Level  Hunger
 Foxfire                  Conj/Fire      #...         45%         1    ##.....
 Shock                    Conj/Air       #...         45%         1    ##.....
 Swiftness                Chrm/Air       #.......     58%         2    ###....
 Conjure Flame            Conj/Fire      #.......     83%         3    ####...
 Static Discharge         Conj/Air       #.......     83%         3    ####...
 Airstrike                Air            #.........   99%         4    #####..
 Sticky Flame             Conj/Fire      #.......     99%         4    #####..
 Fireball                 Conj/Fire      #.........   100%        5    ######.
 Lightning Bolt           Conj/Air       #.........   100%        5    ######.
 Conjure Ball Lightning   Conj/Air       #.........   100%        6    #######
 Deflect Missiles         Chrm/Air       #.........   100%        6    #######
 Tornado                  Air            #.........   100%        9    #######
 Inner Flame              Hex/Fire       Unusable     N/A         3    N/A
 Summon Lightning Spire   Summ/Air       Unusable     N/A         4    N/A
 Silence                  Hex/Air        Unusable     N/A         5    N/A

Dungeon Overview and Level Annotations

Branches:
Dungeon (11/15)            Temple (0/1) D:5            Lair (3/6) D:11
    Orc (0/2) D:11          Sewer (visited)
  Swamp: Lair:2-4    Shoals: Lair:2-4     Snake: Lair:2-4    Spider: Lair:2-4

Altars:
Ashenzari
Cheibriados
Elyvilon
Fedhas
Kikubaaqudgha
Nemelex Xobeh
Ru
Sif Muna
Zin
The Shining One

Shops:
D:6 **(   D:9 (

Annotations:
D:5 2 transporters
Lair:3 3 runed translucent doors, Neiphiur's ghost, journeyman DrCj


Innate Abilities, Weirdness & Mutations

You are too large for most types of armour.
You have claws for hands.
Your metabolism is lightning-fast.
You like to eat raw meat.
Your magical capacity is very low. (-20% MP)
Your natural rate of healing is unusually fast.
You are covered in fur. (AC +1)
You have extremely tough skin. (AC +3)
You cannot study or cast Hexes magic.
You cannot study or cast Poison magic.
You cannot study or cast Summoning magic.


Message History

You feel better.
The eight-headed hydra bites you but does no damage.
The eight-headed hydra closely misses you.
The eight-headed hydra bites you but does no damage.
The eight-headed hydra bites you!
* * * LOW HITPOINT WARNING * * *
The eight-headed hydra closely misses you. x2
The eight-headed hydra barely misses you. x2
You fade into invisibility!
The eight-headed hydra bites you.
* * * LOW HITPOINT WARNING * * *
The eight-headed hydra bites you!
* * * LOW HITPOINT WARNING * * *
The eight-headed hydra closely misses you.
The eight-headed hydra bites you.
* * * LOW HITPOINT WARNING * * *
The eight-headed hydra bites you.
* * * LOW HITPOINT WARNING * * *
The eight-headed hydra bites you.
You die...

#.........#.#...###.#
#.P....P'#.##....###.
##.......#####.#.####
##.##+..### #....#
#.......# ##P..###
###.#.P>P.# #P.....#
#.......P.## ##.#...#
####..#P....## #.....#
.(....(D@#.###.####.....#
.?.+.#.....+......#...#.#
###....#....# #.....†...#
#.#....#.P# #####..PP.'
#....#...## #P...P.#
#..P##.#.# #PP....# ##..
.%#(. #)...### ### ..# ..
###..# .# ### #..#


You could see an eight-headed hydra.

Vanquished Creatures
  Erolcha (D:9)
  A hydra (Lair:2)
  A two-headed ogre (D:9)
  Pikel (D:4)
  A cyclops (D:11)
  An elephant (D:11)
  2 black mambas
  Maurice (D:9)
  7 spiny frogs
  Maggie (D:9)
  A komodo dragon (Lair:3)
  Grinder (D:6)
  3 polar bears (Lair:2)
  The ghost of shmesh the Chopper, an amateur DsGl of Qazlal (D:5)
  11 blink frogs
  5 hippogriffs
  4 yaks (D:10)
  Eustachio (D:6)
  Sigmund (D:2)
  3 basilisks
  Grum (Lair:1)
  A hungry ghost (D:8)
  Edmund (D:6)
  5 water moccasins
  3 porcupines (Lair:1)
  4 sky beasts
  3 orc warriors
  A slave (D:4)
  2 ice beasts
  12 ogres
  6 black bears
  4 phantoms
  4 wolves (D:11)
  A crocodile (Lair:2)
  2 centaurs
  3 big kobolds
  11 bullfrogs
  A wyvern zombie (D:8)
  2 scorpions
  4 killer bees (D:8)
  4 wights (D:9)
  3 howler monkeys
  An electric eel (Lair:1)
  A centaur zombie (D:7)
  7 crimson imps
  2 jellies
  2 bullfrog zombies (D:7)
  6 hounds
  2 quasits (D:11)
  5 bullfrog skeletons
  5 orc priests
  4 orc wizards
  3 iguanas
  9 worker ants
  A bullfrog simulacrum (D:5)
  A centaur simulacrum (D:5)
  A howler monkey zombie (D:10)
  A worker ant zombie (D:9)
  Robin (D:4)
  3 gnolls (D:5)
  14 adders
  2 river rats (Sewer)
  2 shadow imps
  2 white imps (D:5)
  A howler monkey simulacrum (D:5)
  An ooze (Sewer)
  An adder skeleton (D:7)
  4 worms
  3 dart slugs
  An adder simulacrum (D:5)
  7 leopard geckos
  25 orcs
  A ball python (Sewer)
  8 bats
  4 giant cockroaches
  12 goblins
  11 hobgoblins
  16 jackals
  18 kobolds
  7 quokkas
  5 frilled lizards
  A giant cockroach zombie (D:6)
  A leopard gecko simulacrum (D:5)
  A leopard gecko skeleton (D:4)
  A quokka zombie (D:8)
  14 rats
344 creatures vanquished.

Vanquished Creatures (collateral kills)
  A killer bee (D:8)
1 creature vanquished.

Vanquished Creatures (others)
  A killer bee (D:8)
  A goblin (D:4)
  A frilled lizard (D:4)
  3 plants (D:6)
6 creatures vanquished.

Grand Total: 351 creatures vanquished

Notes
Turn   | Place    | Note
-------+----------+-------------------------------------------
     0 | D:1      | robertstho the Troll Monk began the quest for the Orb.
     0 | D:1      | Reached XP level 1. HP: 22/22 MP: 0/0
    33 | D:1      | Reached XP level 2. HP: 26/29 MP: 1/1
   220 | D:1      | Reached XP level 3. HP: 33/36 MP: 2/2
   525 | D:2      | Found an ancient bone altar of Kikubaaqudgha.
   632 | D:2      | Noticed Sigmund
   649 | D:2      | Killed Sigmund
   649 | D:2      | Reached skill level 4 in Unarmed Combat
   649 | D:2      | Reached XP level 4. HP: 20/45 MP: 3/3
   649 | D:2      | Reached XP level 5. HP: 24/53 MP: 4/4
   897 | D:2      | Reached skill level 5 in Unarmed Combat
  1366 | D:3      | Found a white marble altar of Elyvilon.
  1427 | D:3      | Found a glowing golden altar of the Shining One.
  2158 | D:4      | Noticed a phantom
  2169 | D:4      | Killed a phantom
  2169 | D:4      | Reached XP level 6. HP: 61/61 MP: 5/5
  2306 | D:4      | Noticed a slave
  2307 | D:4      | Noticed a slave
  2308 | D:4      | Noticed Pikel
  2309 | D:4      | Noticed a slave
  2312 | D:4      | Noticed a slave
  2323 | D:4      | Killed a slave
  2332 | D:4      | Killed Pikel
  2332 | D:4      | Reached skill level 6 in Unarmed Combat
  2332 | D:4      | Reached XP level 7. HP: 10/67 MP: 6/6
  2482 | D:4      | Noticed Robin
  2500 | D:4      | Killed Robin
  2817 | D:4      | Found a sacrificial altar of Ru.
  2840 | D:4      | Reached skill level 7 in Unarmed Combat
  2887 | D:5      | Entered Level 5 of the Dungeon
  2888 | D:5      | Found a shimmering blue altar of Sif Muna.
  2891 | D:5      | Found a shattered altar of Ashenzari.
  2895 | D:5      | Found a transporter.
  2945 | D:5      | Found a transporter.
  3020 | D:5      | Reached XP level 8. HP: 59/76 MP: 7/7
  3120 | D:5      | Found a staircase to the Ecumenical Temple.
  3158 | D:5      | Found a runed translucent gate.
  3158 | D:5      | Found a runed translucent gate.
  3158 | D:5      | Found a runed translucent gate.
  3448 | D:5      | Found a snail-covered altar of Cheibriados.
  3522 | D:5      | Noticed a two-headed ogre
  3589 | D:5      | Noticed shmesh's ghost (amateur DsGl)
  3633 | D:5      | Killed shmesh's ghost
  3633 | D:5      | Reached skill level 8 in Unarmed Combat
  3931 | D:6      | Found Vuhosucwo's Assorted Antiques.
  3945 | D:6      | Found Naofol's Assorted Antiques.
  3949 | D:6      | Bought 2 sedimented cyan potions for 54 gold pieces
  3949 | D:6      | Bought a sedimented sapphire potion for 27 gold pieces
  3949 | D:6      | Bought a scroll labeled FAIWASUNYA for 30 gold pieces
  3949 | D:6      | Bought a scroll labeled KYRPHY BOITIZ for 30 gold pieces
  3958 | D:6      | Bought a sedimented cyan potion for 19 gold pieces
  3958 | D:6      | Bought a scroll labeled YXZUUPR FAETS for 22 gold pieces
  3984 | D:6      | Found Peug's Weapon Emporium.
  4005 | D:6      | Reached skill level 9 in Unarmed Combat
  4078 | D:6      | Noticed Edmund
  4094 | D:6      | Killed Edmund
  4094 | D:6      | Reached XP level 9. HP: 63/84 MP: 8/8
  4095 | D:6      | Found a glowing drain.
  4109 | D:6      | Noticed Eustachio
  4134 | Sewer    | Entered a sewer
  4492 | D:6      | Reached skill level 5 in Dodging
  4492 | D:6      | Reached skill level 10 in Unarmed Combat
  4496 | D:6      | Killed Eustachio
  4557 | D:6      | Found a sparkling altar of Nemelex Xobeh.
  4608 | D:6      | Noticed Grinder
  4622 | D:6      | Killed Grinder
  4786 | D:6      | Found a blossoming altar of Fedhas.
  5028 | D:7      | Reached skill level 11 in Unarmed Combat
  5252 | D:7      | Found a shattered altar of Ashenzari.
  5476 | D:7      | Reached XP level 10. HP: 69/93 MP: 9/9
  5691 | D:9      | Noticed Erolcha
  5960 | D:4      | Became a worshipper of Ru the Awakened
  5980 | D:4      | Gained mutation: Your magical capacity is low. (-10% MP)
                  | [Ru sacrifice]
  6168 | D:8      | Reached skill level 12 in Unarmed Combat
  6854 | D:8      | Noticed an angel
  6855 | D:8      | Found a glowing silver altar of Zin.
  6908 | D:9      | Killed Erolcha
  7083 | D:9      | Noticed Maurice
  7155 | D:9      | Noticed a two-headed ogre
  7162 | D:9      | Killed a two-headed ogre
  7331 | D:9      | Killed Maurice
  7331 | D:9      | Reached skill level 13 in Unarmed Combat
  7377 | D:9      | Found Loluf's Weapon Emporium.
  7386 | D:9      | Noticed Maggie
  7406 | D:9      | Killed Maggie
  7406 | D:9      | Reached XP level 11. HP: 39/101 MP: 9/9
  7645 | D:10     | Entered Level 10 of the Dungeon
  7748 | D:10     | Gained mutation: Your magical capacity is very low. (-20%
                  | MP) [Ru sacrifice]
  8305 | D:11     | Found a staircase to the Orcish Mines.
  8376 | D:11     | Found a staircase to the Lair.
  8594 | D:11     | Reached skill level 5 in Fighting
  8720 | Lair:1   | Entered Level 1 of the Lair of Beasts
  8722 | Lair:1   | Noticed Grum
  8818 | D:11     | Reached skill level 14 in Unarmed Combat
  9308 | Lair:1   | Killed Grum
  9518 | Lair:1   | HP: 1/104 [blink frog (6)]
 10372 | Lair:2   | Reached XP level 12. HP: 111/111 MP: 8/8
 10806 | Lair:2   | Noticed a seven-headed hydra
 10811 | Lair:2   | Gained mutation: You cannot study or cast Poison magic. [Ru
                  | sacrifice]
 10811 | Lair:2   | Gained mutation: You cannot study or cast Hexes magic. [Ru
                  | sacrifice]
 10811 | Lair:2   | Gained mutation: You cannot study or cast Summoning magic.
                  | [Ru sacrifice]
 10811 | Lair:2   | Reached * piety under Ru
 10811 | Lair:2   | Reached ** piety under Ru
 10821 | Lair:2   | Killed a three-headed hydra
 10821 | Lair:2   | Reached skill level 15 in Unarmed Combat
 10821 | Lair:2   | Reached skill level 1 in Evocations
 11384 | Lair:3   | Noticed a minotaur
 11387 | Lair:3   | Noticed Neiphiur's ghost (journeyman DrCj)
 11392 | Lair:3   | Noticed a seven-headed hydra
 11418 | Lair:3   | Reached skill level 1 in Polearms
 11427 | Lair:3   | Found a runed translucent gate.
 11427 | Lair:3   | Found a runed translucent gate.
 11427 | Lair:3   | Found a runed translucent gate.
 11632 | Lair:3   | Noticed an eight-headed hydra
 11639 | Lair:3   | HP: 5/111 [eight-headed hydra (5)]
 11639 | Lair:3   | Slain by an eight-headed hydra

Levels and vault maps discovered:
D:1:      roderic_chinese_lattice_arrival, layout_rooms, minmay_fountain_box,
          minmay_octomino_e4
D:2:      layout_rooms, kiku_gazebo_garden_becter, serial_bayou,
          serial_bayou_lake_a, serial_bayou_shore_a, serial_bayou_pond_c,
          serial_bayou_lagoon_a, kennysheep_generic_room_8, uniq_sigmund
D:3:      layout_loops_corners, elyvilon_altar_3, old_standard_altar,
          minmay_misc_feat_rugged, dk_vineyard_1
D:4:      layout_loops_ring, wad_floor_pattern_untrapped,
          nicolae_ru_awakened_eye, uniq_pikel, uniq_robin
D:5:      layout_loops_ring, gammafunk_temple_overflow_arena, slow_altar_2,
          minmay_temple_entry_arrows, gammafunk_ghost_icy, first_ration
D:6:      layout_cave_pools, fedhas_altar_decomposition,
          overflow_temple_1_default, serial_shops, kennysheep_little_box, shop,
          shop, gup_sewer_entry_glass, uniq_grinder, uniq_eustachio, uniq_edmund
D:7:      nicolae_whirlpool, layout_basic, grunt_ogre_cave, solitary_fountain,
          ashenzari_altar_1
D:8:      layout_cave_pods, zin_angel, grunt_decor_resistance
D:9:      layout_loops_cross, serial_shops, nicolae_shop_crystal, uniq_erolcha,
          uniq_maggie, uniq_maurice
D:10:     layout_basic
D:11:     layout_basic, david_lair_generic, orc_david_3, basic_altar,
          tso_metal_star
Lair:1:   layout_long_grid, serial_bayou_shore_b, grunt_megastairs_1,
          infiniplex_staircase_pool, uniq_grum
Lair:2:   beast_lair_carwin_large_2, layout_cave_pods, grunt_megastairs_4,
          lemuel_fruit_tree
Lair:3:   layout_roguey, minmay_shoals_entry_hut,
          minmay_snake_entry_guardpost_large, maelrawn_ghost_gauntlet_escape,
          serial_bayou_pond_e, serial_bayou_shore_b, minmay_lair_oklob_chamber

Skill      XL: |  1  2  3  4  5  6  7  8  9 10 11 12 |
---------------+-------------------------------------+-----
Fighting       | 3 4 5 |  5.6
Dodging        | 3 4 5 6 7 8 |  8.2
Unarmed Combat | 4 5 6 7 9 11 13 14 15 | 15.3
Stealth        | 2 3 4 |  4.6
Evocations     | 1 |  1.2
Polearms       | 1 |  1.0

Action                   |  1- 3 |  4- 6 |  7- 9 | 10-12 || total
-------------------------+-------+-------+-------+-------++-------
Melee: Unarmed           |    95 |    84 |   353 |   493 ||  1025
       Punch             |       |     1 |     9 |    34 ||    44
       Halberd           |       |       |       |    14 ||    14
Throw: Large rock        |       |       |       |     3 ||     3
Invok: Sacrifice Essence |       |       |       |     2 ||     2
       Sacrifice Arcana  |       |       |       |     1 ||     1
 Abil: Evoke Berserk Rag |       |       |       |     1 ||     1
Evoke: Wand              |       |       |     1 |     8 ||     9
  Use: Potion            |       |       |     3 |     7 ||    10
       Scroll            |       |       |     1 |     8 ||     9
 Stab: Distracted        |     1 |       |       |       ||     1
       Sleeping          |     2 |     1 |    10 |    10 ||    23
  Eat: Chunk             |    11 |    13 |    33 |    56 ||   113
       Ration            |       |       |       |     1 ||     1
Armor: Robe              |    29 |    35 |    77 |    43 ||   184
       Steam dragon scal |       |       |       |   136 ||   136
Dodge: Dodged            |    33 |    49 |   157 |   350 ||   589

Table legend:
 A = Non-vault XP
 B = Vault XP
 C = Vault XP percentage of total XP
 D = Non-vault monster count
 E = Vault monster count
 F = Vault count percentage of total count
                 A         B        C        D         E       F
            +---------+---------+-------+---------+---------+-------
      Total |   19527 |    8438 |  30.2 |     268 |      76 |  22.1
            +---------+---------+-------+---------+---------+-------
        D:1 |      52 |       6 |  10.3 |      30 |       3 |   9.1
        D:2 |      45 |     207 |  82.1 |      18 |       2 |  10.0
        D:3 |      35 |       0 |   0.0 |      13 |       0 |   0.0
        D:4 |     299 |     614 |  67.3 |       6 |       9 |  60.0
        D:5 |     528 |     368 |  41.1 |      29 |       9 |  23.7
        D:6 |    1361 |     698 |  33.9 |      29 |       5 |  14.7
        D:7 |    1039 |     122 |  10.5 |      22 |       1 |   4.3
        D:8 |    2034 |       0 |   0.0 |      35 |       0 |   0.0
        D:9 |    1947 |    1847 |  48.7 |      16 |       3 |  15.8
       D:10 |    1547 |       0 |   0.0 |      17 |       0 |   0.0
       D:11 |    2516 |    1750 |  41.0 |      21 |      13 |  38.2
     Lair:1 |    3325 |    1251 |  27.3 |      14 |       5 |  26.3
     Lair:2 |    2227 |    1378 |  38.2 |       8 |       7 |  46.7
     Lair:3 |    2572 |       0 |   0.0 |      10 |       0 |   0.0
      Sewer |       0 |     197 | 100.0 |       0 |      19 | 100.0
            +---------+---------+-------+---------+---------+-------
